[ AOE2 MATCH · #478406472 ]
UnrankedBohemians vs Turks
Player's team · LOSS
[ REPLAY ANALYSIS · EXTRACTED FROM THE RECORDED GAME ]
Feudal
11:33
Castle
15:30
Imperial
—
| APM avg | 39.4 |
| APM peak | 89 |
| eAPM avg | 19.0 |
| Villagers / military | 114 / 127 |
Focus
⚔️ 30.3% · 🌾 69.7%
Hand Cannoneer ×126 · Skirmisher ×1
Feudal
11:04
Castle
26:27
Imperial
43:07
| APM avg | 61.3 |
| APM peak | 117 |
| eAPM avg | 23.4 |
| Villagers / military | 58 / 108 |
Focus
⚔️ 53.2% · 🌾 46.8%
Archer ×85 · Skirmisher ×23
Feudal
12:59
Castle
16:47
Imperial
30:11
| APM avg | 44.8 |
| APM peak | 93 |
| eAPM avg | 26.9 |
| Villagers / military | 122 / 88 |
Focus
⚔️ 33.8% · 🌾 66.2%
Scout Cavalry ×77 · Fishing Ship ×11 · Galley ×7 · Mangonel ×3 · Camel Scout ×1
Feudal
9:24
Castle
18:08
Imperial
—
| APM avg | 38.3 |
| APM peak | 83 |
| eAPM avg | 24.7 |
| Villagers / military | 143 / 254 |
Focus
⚔️ 31.8% · 🌾 68.2%
Skirmisher ×192 · Archer ×60 · Fishing Ship ×6 · Scout Cavalry ×2
Feudal
10:17
Castle
15:52
Imperial
—
| APM avg | 50.5 |
| APM peak | 99 |
| eAPM avg | 29.4 |
| Villagers / military | 155 / 112 |
Focus
⚔️ 21.5% · 🌾 78.5%
Camel Scout ×56 · Shrivamsha Rider ×31 · Armored Elephant ×25
Feudal
11:16
Castle
14:48
Imperial
—
| APM avg | 41.5 |
| APM peak | 75 |
| eAPM avg | 30.8 |
| Villagers / military | 112 / 86 |
Focus
⚔️ 37.2% · 🌾 62.8%
Knight ×69 · Scout Cavalry ×12 · Fishing Ship ×10 · Monk ×2 · Spearman ×2 · Mangonel ×1
Feudal
12:12
Castle
15:42
Imperial
20:19
| APM avg | 31.9 |
| APM peak | 78 |
| eAPM avg | 13.1 |
| Villagers / military | 121 / 46 |
Focus
⚔️ 19.2% · 🌾 80.8%
Bombard Cannon ×46
Feudal
11:34
Castle
17:31
Imperial
33:51
| APM avg | 18.4 |
| APM peak | 49 |
| eAPM avg | 12.2 |
| Villagers / military | 65 / 17 |
Focus
⚔️ 17.2% · 🌾 82.8%
Fishing Ship ×6 · Mangonel ×4 · Organ Gun ×4 · Monk ×3 · Bombard Cannon ×3 · Scorpion ×1
Match map
Initial resources + every placement click. Lines = walls · curves = elevation contours. ◆ gold · ⬟ stone · ● berries · ✦ relic · ◌ wall gap
Your base· ✓ Closed at 15:30 · 9t walls · no gate
AM | thatsnotPG's base· ✓ Closed at 26:27 · 38t walls · no gate
__67_7SmigoL._Arg's base· ✓ Closed at 16:47 · 19t walls · no gate
lilzombieross's base· ✓ Closed at 18:08 · 41t walls · 1 gate(s)
Tsumo Lareata's base· ✓ Closed at 15:52 · 0t walls · no gate
s56460688's base· ✓ Closed at 14:48 · 4t walls · no gate
CMD_Black_Legion's base· ✓ Closed at 15:42 · 0t walls · no gate
.'s base· ✓ Closed at 17:31 · 34t walls · no gate
Smoothed initial terrain · ◌ = detected wall gap · hover for details
Inputs per minute
— CMD_AzTraL_ - - AM | thatsnotPG
Build order — CMD_AzTraL_
First 150 of 364 actions detected
| 0:00 | Create | Villager (Male) |
| 0:01 | Create | Villager (Male) |
| 0:01 | Create | Villager (Male) |
| 0:02 | Build | House |
| 0:04 | Build | House |
| 0:24 | Create | Villager (Male) |
| 1:00 | Research | Loom |
| 1:24 | Build | Palisade Wall |
| 1:32 | Create | Villager (Male) |
| 1:44 | Create | Villager (Male) |
| 2:23 | Create | Villager (Male) |
| 2:38 | Build | Lumber Camp |
| 2:49 | Create | Villager (Male) |
| 3:04 | Build | Lumber Camp |
| 3:21 | Build | House |
| 3:24 | Create | Villager (Male) |
| 3:43 | Create | Villager (Male) |
| 4:23 | Create | Villager (Male) |
| 4:41 | Create | Villager (Male) |
| 4:41 | Create | Villager (Male) |
| 5:11 | Create | Villager (Male) |
| 5:18 | Build | House |
| 5:38 | Create | Villager (Male) |
| 5:49 | Create | Villager (Male) |
| 6:06 | Build | Mill |
| 6:26 | Create | Villager (Male) |
| 6:33 | Create | Villager (Male) |
| 7:08 | Create | Villager (Male) |
| 7:22 | Create | Villager (Male) |
| 7:47 | Build | Mining Camp |
| 7:55 | Create | Villager (Male) |
| 8:13 | Create | Villager (Male) |
| 8:51 | Create | Villager (Male) |
| 9:11 | Research | Feudal Age |
| 9:42 | Build | House |
| 9:44 | Build | House |
| 10:29 | Create | Villager (Male) |
| 10:32 | Create | Villager (Male) |
| 10:42 | Build | Barracks |
| 11:33 | Age | Feudal Age |
| 11:40 | Build | Blacksmith |
| 12:04 | Build | Archery Range |
| 12:09 | Build | Archery Range |
| 12:50 | Research | Castle Age |
| 12:55 | Create | Villager (Male) |
| 13:19 | Research | Double-Bit Axe |
| 13:27 | Research | Horse Collar |
| 14:05 | Build | Farm |
| 14:11 | Build | Farm |
| 14:14 | Build | Farm |
| 15:05 | Create | Villager (Male) |
| 15:30 | Age | Castle Age |
| 15:33 | Build | University |
| 15:50 | Build | Archery Range |
| 16:01 | Build | Farm |
| 16:09 | Build | Market |
| 16:15 | Create | Villager (Male) |
| 16:26 | Build | Farm |
| 16:45 | Build | House |
| 16:47 | Build | House |
| 16:48 | Build | House |
| 16:51 | Build | Farm |
| 16:53 | Create | Villager (Male) |
| 17:03 | Create | Villager (Male) |
| 17:22 | Research | Chemistry |
| 17:26 | Build | Farm |
| 17:29 | Build | Farm |
| 17:32 | Build | Farm |
| 17:37 | Create | Villager (Male) |
| 17:53 | Build | Farm |
| 17:56 | Build | Farm |
| 18:00 | Create | Villager (Male) |
| 18:15 | Create | Villager (Male) |
| 18:18 | Build | Farm |
| 18:35 | Create | Villager (Male) |
| 18:37 | Build | Farm |
| 18:45 | Build | Farm |
| 18:46 | Create | Villager (Male) |
| 19:05 | Build | Farm |
| 19:12 | Create | Hand Cannoneer |
| 19:12 | Create | Hand Cannoneer |
| 19:26 | Create | Hand Cannoneer |
| 19:26 | Create | Hand Cannoneer |
| 19:33 | Build | Archery Range |
| 20:05 | Create | Villager (Male) |
| 20:05 | Create | Villager (Male) |
| 20:07 | Create | Villager (Male) |
| 20:10 | Create | Hand Cannoneer |
| 20:13 | Create | Hand Cannoneer |
| 20:13 | Create | Hand Cannoneer |
| 20:20 | Create | Villager (Male) |
| 20:22 | Build | Farm |
| 20:24 | Build | Farm |
| 20:38 | Build | House |
| 20:39 | Build | House |
| 20:40 | Create | Hand Cannoneer |
| 20:41 | Create | Hand Cannoneer |
| 20:41 | Create | Hand Cannoneer |
| 20:48 | Create | Villager (Male) |
| 21:02 | Create | Hand Cannoneer |
| 21:17 | Create | Villager (Male) |
| 21:26 | Create | Villager (Male) |
| 21:36 | Create | Hand Cannoneer |
| 21:37 | Create | Hand Cannoneer |
| 22:01 | Create | Hand Cannoneer |
| 22:02 | Create | Hand Cannoneer |
| 22:02 | Create | Hand Cannoneer |
| 22:17 | Create | Villager (Male) |
| 22:17 | Create | Villager (Male) |
| 22:17 | Create | Villager (Male) |
| 22:25 | Create | Hand Cannoneer |
| 22:57 | Create | Hand Cannoneer |
| 22:58 | Create | Hand Cannoneer |
| 22:58 | Create | Hand Cannoneer |
| 23:13 | Create | Hand Cannoneer |
| 23:20 | Create | Hand Cannoneer |
| 23:22 | Build | House |
| 23:22 | Build | House |
| 23:23 | Build | House |
| 23:23 | Build | House |
| 23:23 | Build | House |
| 23:23 | Build | House |
| 23:26 | Build | House |
| 23:26 | Build | House |
| 23:26 | Build | House |
| 23:27 | Build | House |
| 23:30 | Build | House |
| 23:52 | Create | Hand Cannoneer |
| 23:53 | Create | Hand Cannoneer |
| 24:10 | Create | Hand Cannoneer |
| 24:11 | Create | Hand Cannoneer |
| 24:11 | Create | Hand Cannoneer |
| 24:34 | Create | Hand Cannoneer |
| 24:34 | Create | Hand Cannoneer |
| 24:35 | Create | Hand Cannoneer |
| 25:02 | Create | Hand Cannoneer |
| 25:02 | Create | Hand Cannoneer |
| 25:03 | Create | Hand Cannoneer |
| 25:22 | Create | Villager (Male) |
| 25:25 | Build | Barracks |
| 25:29 | Build | House |
| 25:29 | Build | House |
| 25:30 | Build | House |
| 25:38 | Create | Hand Cannoneer |
| 25:39 | Create | Hand Cannoneer |
| 26:12 | Create | Hand Cannoneer |
| 26:12 | Create | Hand Cannoneer |
| 26:12 | Create | Hand Cannoneer |
| 27:15 | Create | Hand Cannoneer |
| 27:16 | Create | Hand Cannoneer |
Build order — AM | thatsnotPG
First 150 of 252 actions detected
| 0:01 | Create | Villager (Male) |
| 0:01 | Research | Loom |
| 0:02 | Create | Villager (Male) ×3 |
| 0:03 | Build | House |
| 0:05 | Build | House |
| 2:37 | Create | Villager (Male) |
| 2:43 | Build | Palisade Wall |
| 3:02 | Create | Villager (Male) |
| 3:18 | Build | Palisade Wall |
| 3:40 | Create | Villager (Male) |
| 4:17 | Build | Lumber Camp |
| 4:28 | Build | Palisade Wall |
| 4:30 | Create | Villager (Male) |
| 4:46 | Build | Palisade Wall |
| 5:06 | Build | Palisade Wall |
| 5:10 | Create | Villager (Male) |
| 5:24 | Build | Palisade Wall |
| 5:47 | Create | Villager (Male) |
| 6:18 | Create | Villager (Male) |
| 6:37 | Build | House |
| 6:48 | Create | Villager (Male) |
| 7:10 | Create | Villager (Male) |
| 7:35 | Create | Villager (Male) |
| 7:57 | Build | Barracks |
| 8:06 | Create | Villager (Male) |
| 8:25 | Build | House |
| 8:35 | Build | House |
| 8:40 | Build | House |
| 8:54 | Research | Feudal Age |
| 10:35 | Build | Mining Camp |
| 10:48 | Create | Villager (Male) |
| 11:04 | Age | Feudal Age |
| 11:07 | Research | Double-Bit Axe |
| 11:18 | Build | Archery Range |
| 11:28 | Build | House |
| 11:33 | Create | Villager (Male) |
| 11:33 | Create | Villager (Male) |
| 11:46 | Create | Villager (Male) |
| 12:00 | Create | Villager (Male) |
| 12:17 | Build | Archery Range |
| 12:26 | Create | Archer |
| 12:51 | Build | House |
| 12:58 | Create | Archer |
| 13:17 | Create | Villager (Male) |
| 13:18 | Create | Villager (Male) |
| 13:28 | Build | House |
| 13:36 | Create | Archer |
| 13:36 | Create | Archer |
| 13:52 | Build | Stone Wall |
| 14:00 | Create | Archer |
| 14:00 | Create | Archer |
| 14:09 | Build | Blacksmith |
| 14:37 | Create | Archer |
| 14:37 | Create | Archer |
| 14:39 | Create | Villager (Male) |
| 14:39 | Create | Villager (Male) |
| 14:52 | Build | House |
| 14:56 | Research | Fletching |
| 15:19 | Build | Mill |
| 15:30 | Create | Archer |
| 15:30 | Create | Archer |
| 15:45 | Create | Archer |
| 15:45 | Create | Archer |
| 15:57 | Build | House |
| 16:04 | Create | Villager (Male) |
| 16:14 | Create | Archer |
| 16:14 | Create | Archer |
| 16:17 | Build | House |
| 16:19 | Build | House |
| 16:41 | Create | Villager (Male) |
| 16:42 | Create | Archer |
| 16:43 | Create | Archer |
| 17:04 | Build | House |
| 17:08 | Build | House |
| 17:15 | Create | Villager (Male) |
| 17:33 | Create | Archer |
| 17:33 | Create | Archer |
| 17:37 | Research | Horse Collar |
| 18:00 | Create | Villager (Male) |
| 18:01 | Create | Archer |
| 18:01 | Create | Archer |
| 18:25 | Create | Archer |
| 18:26 | Create | Archer |
| 18:26 | Create | Villager (Male) |
| 18:27 | Create | Villager (Male) |
| 18:57 | Create | Villager (Male) |
| 18:57 | Create | Archer |
| 18:58 | Create | Archer |
| 19:55 | Create | Archer |
| 19:56 | Create | Archer |
| 19:56 | Create | Archer |
| 20:07 | Create | Villager (Male) |
| 20:08 | Create | Villager (Male) |
| 20:14 | Build | Farm |
| 20:15 | Build | Farm |
| 20:16 | Build | Farm |
| 20:20 | Build | Farm |
| 20:47 | Create | Archer |
| 21:18 | Create | Archer |
| 21:18 | Create | Archer |
| 21:18 | Create | Villager (Male) |
| 21:19 | Create | Villager (Male) |
| 21:23 | Build | Farm |
| 21:26 | Build | Farm |
| 21:27 | Build | Farm |
| 21:42 | Create | Archer |
| 21:42 | Create | Archer |
| 22:52 | Create | Archer |
| 22:52 | Create | Archer |
| 22:53 | Create | Villager (Male) |
| 22:59 | Build | House |
| 23:00 | Build | House |
| 23:01 | Build | Farm |
| 23:31 | Build | Lumber Camp |
| 23:47 | Research | Castle Age |
| 25:11 | Create | Archer |
| 25:11 | Create | Archer |
| 25:34 | Build | Archery Range |
| 25:42 | Create | Archer |
| 25:42 | Create | Archer |
| 26:27 | Age | Castle Age |
| 26:30 | Research | Crossbowman (upgrade) |
| 26:33 | Research | Bodkin Arrow |
| 26:34 | Create | Archer ×5 |
| 26:34 | Create | Archer |
| 26:43 | Build | University |
| 26:46 | Build | Farm |
| 26:47 | Build | Farm |
| 26:48 | Build | Farm |
| 27:26 | Research | Ballistics |
| 27:26 | Research | Ballistics |
| 27:54 | Create | Archer |
| 27:55 | Create | Archer |
| 27:55 | Create | Archer |
| 27:59 | Build | Farm |
| 28:01 | Build | Farm |
| 28:02 | Build | Farm |
| 28:07 | Build | Farm |
| 28:08 | Build | Farm |
| 28:09 | Create | Villager (Male) |
| 28:10 | Build | House |
| 28:13 | Create | Villager (Male) |
| 28:19 | Research | Thumb Ring |
| 28:35 | Create | Archer |
| 28:35 | Create | Archer |
| 28:35 | Create | Archer |
| 28:46 | Research | Wheelbarrow |
| 28:55 | Create | Archer |
| 28:55 | Create | Archer |
| 29:14 | Build | Farm |
Build order — __67_7SmigoL._Arg
First 150 of 378 actions detected
| 0:00 | Create | Villager (Male) |
| 0:00 | Create | Villager (Male) |
| 0:00 | Create | Villager (Male) |
| 0:01 | Create | Villager (Male) |
| 0:01 | Create | Villager (Male) |
| 0:02 | Build | House |
| 0:03 | Build | House |
| 0:56 | Research | Loom |
| 0:57 | Create | Villager (Male) |
| 1:42 | Create | Villager (Male) |
| 1:54 | Build | Palisade Wall |
| 2:09 | Create | Villager (Male) |
| 2:41 | Create | Villager (Male) |
| 2:56 | Create | Villager (Male) |
| 3:14 | Create | Villager (Male) |
| 3:45 | Build | Lumber Camp |
| 3:50 | Build | Lumber Camp |
| 3:57 | Create | Villager (Male) |
| 4:08 | Build | Palisade Wall |
| 4:15 | Create | Villager (Male) |
| 4:27 | Build | House |
| 4:49 | Create | Villager (Male) |
| 4:49 | Create | Villager (Male) |
| 4:50 | Create | Villager (Male) |
| 5:02 | Create | Villager (Male) |
| 5:35 | Create | Villager (Male) |
| 5:36 | Create | Villager (Male) |
| 6:11 | Create | Villager (Male) |
| 6:24 | Build | Dock |
| 6:58 | Create | Villager (Male) |
| 6:58 | Create | Villager (Male) |
| 6:58 | Create | Villager (Male) |
| 6:59 | Create | Villager (Male) |
| 6:59 | Create | Villager (Male) |
| 7:04 | Create | Fishing Ship |
| 7:06 | Build | House |
| 7:15 | Build | House |
| 7:37 | Create | Villager (Male) |
| 7:55 | Create | Villager (Male) |
| 8:01 | Create | Villager (Male) |
| 8:04 | Create | Fishing Ship |
| 8:04 | Create | Fishing Ship |
| 8:24 | Create | Villager (Male) |
| 8:26 | Create | Fishing Ship |
| 8:49 | Build | House |
| 9:17 | Create | Fishing Ship |
| 9:32 | Create | Villager (Male) |
| 9:49 | Build | Lumber Camp |
| 9:57 | Create | Villager (Male) |
| 10:04 | Create | Fishing Ship |
| 10:23 | Create | Villager (Male) |
| 10:38 | Build | Mining Camp |
| 10:44 | Research | Feudal Age |
| 11:06 | Build | House |
| 11:19 | Build | Mill |
| 12:04 | Build | House |
| 12:59 | Age | Feudal Age |
| 12:59 | Build | Dock |
| 13:01 | Create | Villager (Male) |
| 13:04 | Build | Market |
| 13:07 | Build | Blacksmith |
| 13:15 | Build | House |
| 13:16 | Build | House |
| 13:19 | Create | Villager (Male) |
| 14:07 | Research | Castle Age |
| 14:36 | Research | Tech 906 |
| 14:45 | Build | Fish Trap |
| 14:50 | Build | Fish Trap |
| 15:03 | Build | Fish Trap |
| 15:13 | Build | Fish Trap |
| 15:17 | Create | Fishing Ship |
| 15:17 | Create | Fishing Ship |
| 15:24 | Research | Double-Bit Axe |
| 16:03 | Build | Fish Trap |
| 16:10 | Build | Fish Trap |
| 16:20 | Create | Villager (Male) |
| 16:20 | Create | Villager (Male) |
| 16:45 | Build | Fish Trap |
| 16:47 | Age | Castle Age |
| 16:55 | Build | Town Center |
| 17:16 | Create | Fishing Ship |
| 17:32 | Create | Villager (Male) |
| 17:34 | Create | Villager (Male) |
| 17:35 | Create | Villager (Male) |
| 17:37 | Create | Fishing Ship |
| 17:38 | Create | Fishing Ship |
| 17:53 | Create | Villager (Male) |
| 18:02 | Build | Fish Trap |
| 18:13 | Create | Villager (Male) |
| 18:13 | Create | Villager (Male) |
| 18:14 | Create | Villager (Male) |
| 18:14 | Create | Villager (Male) |
| 18:16 | Create | Villager (Male) |
| 18:16 | Create | Villager (Male) |
| 18:16 | Create | Villager (Male) |
| 18:16 | Create | Villager (Male) |
| 18:28 | Create | Villager (Male) |
| 18:28 | Create | Villager (Male) |
| 18:29 | Create | Villager (Male) |
| 18:32 | Build | Mining Camp |
| 18:42 | Build | Fish Trap |
| 18:46 | Build | Fish Trap |
| 18:52 | Create | Villager (Male) |
| 18:57 | Create | Villager (Male) |
| 19:01 | Build | Gate |
| 19:26 | Build | Stone Wall |
| 19:30 | Build | Stone Wall |
| 19:32 | Build | Stone Wall |
| 19:34 | Create | Villager (Male) |
| 19:34 | Create | Villager (Male) |
| 19:35 | Create | Villager (Male) |
| 19:35 | Create | Villager (Male) |
| 19:36 | Create | Villager (Male) |
| 19:38 | Build | Siege Workshop |
| 19:40 | Create | Villager (Male) |
| 19:50 | Create | Villager (Male) |
| 19:50 | Create | Villager (Male) |
| 20:06 | Create | Mangonel |
| 20:07 | Create | Mangonel |
| 20:12 | Create | Villager (Male) |
| 20:13 | Create | Villager (Male) |
| 20:15 | Build | House |
| 20:17 | Build | House |
| 20:41 | Build | Siege Workshop |
| 20:48 | Create | Villager (Male) |
| 20:58 | Create | Villager (Male) |
| 20:58 | Create | Villager (Male) |
| 20:58 | Create | Villager (Male) |
| 20:58 | Create | Villager (Male) |
| 20:59 | Create | Villager (Male) |
| 21:07 | Create | Mangonel |
| 21:13 | Create | Villager (Male) |
| 21:13 | Create | Villager (Male) |
| 21:13 | Create | Villager (Male) |
| 21:20 | Build | House |
| 21:29 | Build | Stone Wall |
| 21:41 | Create | Galley |
| 21:42 | Create | Galley |
| 21:42 | Create | Galley |
| 21:50 | Build | Gate |
| 21:52 | Build | Stone Wall |
| 21:57 | Create | Villager (Male) |
| 22:11 | Build | Lumber Camp |
| 22:30 | Build | Lumber Camp |
| 22:36 | Create | Galley |
| 22:36 | Create | Galley |
| 22:37 | Create | Galley |
| 22:37 | Create | Galley |
| 23:31 | Build | Town Center |
| 23:34 | Build | House |
Build order — lilzombieross
First 150 of 374 actions detected
| 0:02 | Build | House |
| 0:05 | Create | Villager (Male) |
| 0:05 | Create | Villager (Male) |
| 0:05 | Create | Villager (Male) |
| 0:05 | Create | Villager (Male) |
| 0:16 | Create | Villager (Male) |
| 0:16 | Create | Villager (Male) |
| 0:16 | Create | Villager (Male) |
| 0:47 | Build | Palisade Wall |
| 1:33 | Create | Villager (Male) |
| 1:33 | Create | Villager (Male) |
| 1:36 | Build | House |
| 1:51 | Build | Lumber Camp |
| 2:24 | Create | Villager (Male) |
| 2:24 | Create | Villager (Male) |
| 2:49 | Create | Villager (Male) |
| 2:49 | Create | Villager (Male) |
| 3:20 | Create | Villager (Male) |
| 3:20 | Create | Villager (Male) |
| 3:32 | Build | House |
| 3:36 | Create | Villager (Male) |
| 3:36 | Create | Villager (Male) |
| 3:53 | Create | Villager (Male) |
| 3:54 | Create | Villager (Male) |
| 4:10 | Create | Villager (Male) |
| 4:10 | Create | Villager (Male) |
| 5:03 | Create | Villager (Male) |
| 5:19 | Build | Mill |
| 5:20 | Create | Villager (Male) |
| 5:20 | Create | Villager (Male) |
| 5:27 | Create | Villager (Male) |
| 5:27 | Create | Villager (Male) |
| 6:04 | Create | Villager (Male) |
| 6:04 | Create | Villager (Male) |
| 6:16 | Create | Villager (Male) |
| 6:24 | Build | House |
| 6:43 | Research | Loom |
| 7:06 | Build | Dock |
| 7:14 | Research | Feudal Age |
| 7:14 | Research | Feudal Age |
| 7:58 | Create | Fishing Ship |
| 8:00 | Create | Villager (Male) |
| 8:27 | Build | House |
| 8:28 | Build | House |
| 8:29 | Build | House |
| 8:33 | Create | Villager (Male) |
| 8:33 | Create | Villager (Male) |
| 8:48 | Create | Fishing Ship |
| 9:24 | Age | Feudal Age |
| 9:26 | Build | Stone Wall |
| 9:29 | Build | Stone Wall |
| 9:31 | Build | Stone Wall |
| 9:36 | Create | Villager (Male) |
| 9:36 | Create | Villager (Male) |
| 9:42 | Research | Horse Collar |
| 9:45 | Research | Double-Bit Axe |
| 9:52 | Create | Villager (Male) |
| 10:22 | Create | Villager (Male) |
| 10:24 | Build | Mill |
| 10:26 | Create | Villager (Male) |
| 10:41 | Create | Villager (Male) |
| 10:54 | Build | Stone Wall |
| 10:59 | Build | Stone Wall |
| 11:19 | Build | Farm |
| 11:20 | Build | Farm |
| 11:31 | Build | Farm |
| 11:43 | Create | Villager (Male) |
| 11:50 | Build | Stone Wall |
| 12:05 | Create | Fishing Ship |
| 12:11 | Create | Villager (Male) |
| 12:23 | Create | Villager (Male) |
| 12:30 | Build | Mining Camp |
| 13:08 | Create | Villager (Male) |
| 13:15 | Build | Mining Camp |
| 13:39 | Create | Villager (Male) |
| 13:43 | Build | Farm |
| 13:55 | Create | Villager (Male) |
| 14:05 | Create | Fishing Ship |
| 14:22 | Build | Market |
| 14:25 | Create | Villager (Male) |
| 14:57 | Build | Blacksmith |
| 15:01 | Create | Villager (Male) |
| 15:19 | Build | Farm |
| 15:23 | Build | House |
| 15:24 | Create | Villager (Male) |
| 15:28 | Research | Castle Age |
| 15:32 | Build | House |
| 15:33 | Create | Villager (Male) |
| 15:33 | Create | Villager (Male) |
| 15:44 | Build | House |
| 15:45 | Build | House |
| 15:46 | Create | Villager (Male) |
| 15:47 | Create | Villager (Male) |
| 15:53 | Build | House |
| 16:03 | Build | Stone Wall |
| 16:08 | Build | Gate |
| 16:52 | Build | Farm |
| 16:52 | Build | Farm |
| 16:56 | Build | Farm |
| 17:02 | Build | Lumber Camp |
| 17:18 | Create | Fishing Ship |
| 17:48 | Create | Villager (Male) |
| 18:08 | Age | Castle Age |
| 18:11 | Build | Monastery |
| 18:23 | Create | Villager (Male) |
| 18:30 | Create | Villager (Male) |
| 18:31 | Create | Villager (Male) |
| 18:33 | Research | Heavy Plow |
| 18:33 | Research | Heavy Plow |
| 18:41 | Build | Town Center |
| 18:51 | Build | Town Center |
| 19:06 | Research | Bow Saw |
| 19:06 | Research | Bow Saw |
| 19:30 | Build | Fish Trap |
| 19:35 | Create | Villager (Male) |
| 19:35 | Create | Villager (Male) |
| 19:43 | Build | Fish Trap |
| 19:54 | Create | Villager (Male) |
| 20:01 | Build | Fish Trap |
| 20:04 | Create | Villager (Male) |
| 20:04 | Create | Villager (Male) |
| 20:10 | Build | Farm |
| 20:16 | Create | Villager (Male) |
| 20:16 | Create | Villager (Male) |
| 20:16 | Create | Villager (Male) |
| 20:21 | Create | Villager (Male) |
| 20:22 | Create | Villager (Male) |
| 20:22 | Create | Villager (Male) |
| 20:25 | Build | House |
| 20:26 | Build | House |
| 20:29 | Build | House |
| 20:30 | Build | House |
| 20:31 | Build | House |
| 20:32 | Build | House |
| 20:34 | Create | Villager (Male) |
| 20:34 | Create | Villager (Male) |
| 20:35 | Build | House |
| 20:36 | Build | House |
| 20:42 | Create | Villager (Male) |
| 20:45 | Build | House |
| 20:45 | Build | House |
| 20:46 | Build | House |
| 20:46 | Build | House |
| 20:48 | Create | Villager (Male) |
| 20:48 | Create | Villager (Male) |
| 20:51 | Create | Villager (Male) |
| 20:51 | Create | Villager (Male) |
| 20:51 | Create | Villager (Male) |
| 20:54 | Build | Farm |
| 20:56 | Build | Farm |
Build order — Tsumo Lareata
First 150 of 405 actions detected
| 0:00 | Create | Villager (Male) |
| 0:01 | Create | Villager (Male) |
| 0:01 | Create | Villager (Male) |
| 0:06 | Build | House |
| 0:13 | Create | Villager (Male) |
| 0:14 | Create | Villager (Male) |
| 0:21 | Build | Mill |
| 0:42 | Build | House |
| 0:42 | Build | House |
| 0:43 | Build | House |
| 0:43 | Build | House |
| 0:43 | Build | House |
| 0:43 | Build | House |
| 1:41 | Create | Villager (Male) |
| 1:43 | Research | Loom |
| 2:05 | Create | Villager (Male) |
| 2:06 | Create | Villager (Male) |
| 2:35 | Create | Villager (Male) |
| 2:35 | Create | Villager (Male) |
| 2:35 | Create | Villager (Male) |
| 3:16 | Create | Villager (Male) |
| 3:16 | Create | Villager (Male) |
| 3:33 | Create | Villager (Male) |
| 3:45 | Create | Villager (Male) |
| 3:59 | Create | Villager (Male) |
| 4:53 | Create | Villager (Male) |
| 5:11 | Build | Lumber Camp |
| 5:26 | Create | Villager (Male) |
| 6:17 | Create | Villager (Male) |
| 6:17 | Create | Villager (Male) |
| 6:17 | Create | Villager (Male) |
| 6:17 | Create | Villager (Male) |
| 6:30 | Create | Villager (Male) |
| 6:30 | Create | Villager (Male) |
| 7:22 | Create | Villager (Male) |
| 7:30 | Create | Villager (Male) |
| 8:07 | Research | Feudal Age |
| 8:48 | Create | Villager (Male) |
| 8:48 | Create | Villager (Male) |
| 8:49 | Create | Villager (Male) |
| 10:04 | Create | Villager (Male) |
| 10:17 | Age | Feudal Age |
| 10:18 | Create | Villager (Male) |
| 10:26 | Build | House |
| 10:27 | Build | House |
| 10:28 | Build | House |
| 10:36 | Create | Villager (Male) |
| 10:53 | Build | Mining Camp |
| 10:54 | Create | Villager (Male) |
| 11:07 | Create | Villager (Male) |
| 11:16 | Build | Market |
| 11:20 | Build | Blacksmith |
| 11:24 | Create | Villager (Male) |
| 11:33 | Build | Mill |
| 11:44 | Create | Villager (Male) |
| 13:07 | Research | Castle Age |
| 13:17 | Research | Horse Collar |
| 13:21 | Research | Double-Bit Axe |
| 14:12 | Build | Farm |
| 14:12 | Build | Farm |
| 14:13 | Build | Farm |
| 14:13 | Build | Farm |
| 14:15 | Build | Farm |
| 14:46 | Build | Mill |
| 14:58 | Create | Villager (Male) |
| 14:59 | Create | Villager (Male) |
| 15:52 | Age | Castle Age |
| 15:54 | Build | Siege Workshop |
| 15:58 | Create | Villager (Male) |
| 16:20 | Create | Armored Elephant |
| 16:21 | Create | Armored Elephant |
| 16:21 | Create | Armored Elephant |
| 16:21 | Create | Armored Elephant |
| 16:21 | Create | Armored Elephant |
| 16:36 | Build | Barracks |
| 16:57 | Create | Armored Elephant |
| 16:57 | Create | Armored Elephant |
| 17:09 | Create | Villager (Male) |
| 17:28 | Build | Stable |
| 17:30 | Create | Armored Elephant |
| 18:03 | Research | Husbandry |
| 18:15 | Build | House |
| 18:15 | Build | House |
| 18:15 | Build | House |
| 18:15 | Build | House |
| 18:15 | Build | House |
| 18:42 | Create | Armored Elephant |
| 18:42 | Create | Armored Elephant |
| 19:15 | Create | Shrivamsha Rider |
| 19:16 | Create | Shrivamsha Rider |
| 19:32 | Create | Shrivamsha Rider |
| 19:33 | Create | Shrivamsha Rider |
| 20:03 | Create | Shrivamsha Rider |
| 20:08 | Build | Stable |
| 20:19 | Create | Shrivamsha Rider |
| 20:50 | Create | Armored Elephant |
| 20:50 | Create | Armored Elephant |
| 21:18 | Create | Villager (Male) |
| 21:21 | Build | Farm |
| 21:22 | Build | Farm |
| 21:23 | Build | Farm |
| 21:23 | Build | Farm |
| 21:23 | Build | Farm |
| 21:23 | Build | Farm |
| 21:42 | Build | Farm |
| 21:42 | Build | Farm |
| 21:42 | Build | Farm |
| 21:42 | Build | Farm |
| 21:43 | Build | Farm |
| 21:43 | Build | Farm |
| 21:51 | Create | Shrivamsha Rider |
| 21:51 | Create | Shrivamsha Rider |
| 22:12 | Create | Villager (Male) |
| 22:37 | Build | Siege Workshop |
| 22:42 | Create | Villager (Male) |
| 22:42 | Create | Villager (Male) |
| 22:42 | Create | Villager (Male) |
| 23:07 | Create | Villager (Male) |
| 23:08 | Create | Villager (Male) |
| 23:12 | Build | Farm |
| 23:24 | Create | Shrivamsha Rider |
| 23:24 | Create | Shrivamsha Rider |
| 23:40 | Build | Siege Workshop |
| 23:45 | Create | Villager (Male) |
| 23:45 | Create | Villager (Male) |
| 23:55 | Build | Stable |
| 24:17 | Research | Bloodlines |
| 24:23 | Create | Armored Elephant |
| 24:30 | Create | Camel Scout |
| 24:31 | Create | Camel Scout |
| 24:36 | Create | Camel Scout |
| 24:44 | Build | Stable |
| 24:47 | Create | Camel Scout |
| 24:47 | Create | Camel Scout |
| 25:01 | Create | Camel Scout |
| 25:16 | Create | Shrivamsha Rider |
| 25:16 | Create | Shrivamsha Rider |
| 25:28 | Build | Stable |
| 25:31 | Create | Camel Scout |
| 25:36 | Create | Camel Scout |
| 25:46 | Create | Camel Scout |
| 25:46 | Create | Camel Scout |
| 25:51 | Build | Siege Workshop |
| 26:05 | Create | Armored Elephant |
| 26:05 | Create | Armored Elephant |
| 26:09 | Create | Villager (Male) |
| 26:21 | Create | Camel Scout |
| 26:34 | Create | Camel Scout |
| 26:37 | Create | Camel Scout |
| 26:45 | Build | House |
Build order — s56460688
First 150 of 373 actions detected
| 0:01 | Create | Villager (Male) |
| 0:01 | Create | Villager (Male) |
| 0:02 | Build | House |
| 0:02 | Build | House |
| 0:19 | Create | Villager (Male) |
| 0:24 | Create | Villager (Male) |
| 0:24 | Create | Villager (Male) |
| 0:24 | Create | Villager (Male) |
| 1:28 | Create | Villager (Male) |
| 1:29 | Create | Villager (Male) |
| 1:44 | Build | Lumber Camp |
| 2:00 | Create | Villager (Male) |
| 2:00 | Create | Villager (Male) |
| 2:13 | Create | Villager (Male) |
| 2:14 | Create | Villager (Male) |
| 2:48 | Create | Villager (Male) |
| 2:48 | Create | Villager (Male) |
| 3:04 | Create | Villager (Male) |
| 3:04 | Create | Villager (Male) |
| 3:29 | Create | Villager (Male) |
| 3:29 | Create | Villager (Male) |
| 4:05 | Build | House |
| 4:05 | Create | Villager (Male) |
| 4:29 | Create | Villager (Male) |
| 4:44 | Build | Dock |
| 4:47 | Create | Villager (Male) |
| 5:15 | Build | House |
| 5:22 | Create | Villager (Male) |
| 5:33 | Create | Fishing Ship |
| 5:40 | Create | Villager (Male) |
| 6:01 | Create | Fishing Ship |
| 6:05 | Create | Villager (Male) |
| 6:34 | Create | Villager (Male) |
| 6:52 | Create | Villager (Male) |
| 6:54 | Build | Palisade Wall |
| 7:08 | Build | Palisade Wall |
| 7:15 | Build | Palisade Wall |
| 7:17 | Create | Villager (Male) |
| 7:28 | Build | Mill |
| 7:31 | Build | Palisade Wall |
| 7:39 | Create | Fishing Ship |
| 7:43 | Research | Loom |
| 7:51 | Build | House |
| 8:12 | Create | Villager (Male) |
| 8:34 | Create | Fishing Ship |
| 8:35 | Create | Villager (Male) |
| 8:54 | Build | Mining Camp |
| 9:06 | Research | Feudal Age |
| 9:06 | Research | Feudal Age |
| 9:50 | Build | House |
| 10:50 | Build | Mill |
| 10:58 | Create | Villager (Male) |
| 11:16 | Age | Feudal Age |
| 11:18 | Build | Market |
| 11:19 | Build | Blacksmith |
| 11:34 | Research | Double-Bit Axe |
| 11:34 | Research | Double-Bit Axe |
| 11:37 | Create | Villager (Male) |
| 12:08 | Research | Castle Age |
| 12:08 | Research | Castle Age |
| 12:08 | Research | Castle Age |
| 12:10 | Create | Fishing Ship |
| 12:30 | Research | Horse Collar |
| 12:43 | Research | Tech 906 |
| 12:52 | Build | Fish Trap |
| 13:32 | Create | Villager (Male) |
| 13:42 | Create | Fishing Ship |
| 13:51 | Build | House |
| 13:51 | Build | House |
| 14:28 | Build | Fish Trap |
| 14:48 | Age | Castle Age |
| 14:51 | Build | Town Center |
| 14:58 | Build | Town Center |
| 15:10 | Create | Villager (Male) |
| 15:26 | Create | Villager (Male) |
| 15:34 | Build | Fish Trap |
| 15:40 | Create | Villager (Male) |
| 15:46 | Build | Monastery |
| 16:04 | Create | Villager (Male) |
| 16:06 | Create | Villager (Male) |
| 16:11 | Create | Villager (Male) |
| 16:23 | Build | Fish Trap |
| 16:26 | Build | Fish Trap |
| 16:27 | Create | Villager (Male) |
| 16:29 | Create | Monk |
| 16:42 | Research | Horse Collar |
| 16:42 | Research | Horse Collar |
| 16:47 | Create | Villager (Male) |
| 16:53 | Build | House |
| 16:56 | Create | Fishing Ship |
| 16:58 | Create | Villager (Male) |
| 17:01 | Create | Villager (Male) |
| 17:04 | Build | Farm |
| 17:04 | Build | Farm |
| 17:15 | Build | Farm |
| 17:16 | Build | Farm |
| 17:16 | Create | Villager (Male) |
| 17:19 | Create | Villager (Male) |
| 17:29 | Build | Farm |
| 17:30 | Build | Farm |
| 17:32 | Create | Villager (Male) |
| 17:37 | Create | Fishing Ship |
| 17:41 | Create | Villager (Male) |
| 17:49 | Build | Fish Trap |
| 17:55 | Create | Villager (Male) |
| 18:00 | Build | Lumber Camp |
| 18:04 | Create | Villager (Male) |
| 18:16 | Create | Villager (Male) |
| 18:20 | Build | Farm |
| 18:24 | Create | Villager (Male) |
| 18:26 | Build | Farm |
| 18:27 | Build | Farm |
| 18:27 | Build | Farm |
| 18:32 | Build | Farm |
| 18:32 | Create | Villager (Male) |
| 18:42 | Create | Villager (Male) |
| 18:45 | Build | Farm |
| 18:47 | Build | House |
| 18:53 | Create | Villager (Male) |
| 18:55 | Build | Farm |
| 18:56 | Create | Villager (Male) |
| 18:59 | Create | Villager (Male) |
| 19:00 | Create | Fishing Ship |
| 19:05 | Build | Fish Trap |
| 19:11 | Build | House |
| 19:12 | Build | House |
| 19:19 | Research | Bow Saw |
| 19:19 | Research | Bow Saw |
| 19:22 | Create | Villager (Male) |
| 19:28 | Create | Villager (Male) |
| 19:32 | Build | Mining Camp |
| 19:38 | Build | Farm |
| 19:42 | Create | Villager (Male) |
| 19:44 | Create | Villager (Male) |
| 19:46 | Create | Villager (Male) |
| 19:48 | Build | House |
| 19:51 | Create | Villager (Male) |
| 19:55 | Create | Villager (Male) |
| 19:57 | Build | Farm |
| 19:59 | Create | Monk |
| 20:14 | Build | Barracks |
| 20:16 | Create | Villager (Male) |
| 20:18 | Create | Villager (Male) |
| 20:22 | Build | Fish Trap |
| 20:22 | Create | Fishing Ship |
| 20:25 | Research | Wheelbarrow |
| 20:29 | Build | Farm |
| 20:42 | Create | Villager (Male) |
| 20:51 | Create | Villager (Male) |
| 21:03 | Create | Villager (Male) |
Build order — CMD_Black_Legion
First 150 of 267 actions detected
| 0:01 | Create | Villager (Male) |
| 0:01 | Create | Villager (Male) |
| 0:02 | Create | Villager (Male) |
| 0:03 | Build | House |
| 0:05 | Build | House |
| 0:51 | Create | Villager (Male) |
| 1:28 | Create | Villager (Male) |
| 1:57 | Build | Lumber Camp |
| 2:03 | Create | Villager (Male) |
| 2:20 | Create | Villager (Male) |
| 2:53 | Create | Villager (Male) |
| 3:08 | Create | Villager (Male) |
| 3:40 | Create | Villager (Male) |
| 3:41 | Create | Villager (Male) |
| 3:50 | Build | House |
| 3:51 | Create | Villager (Male) |
| 4:13 | Build | Mill |
| 4:28 | Create | Villager (Male) |
| 4:29 | Create | Villager (Male) |
| 4:46 | Create | Villager (Male) |
| 5:14 | Create | Villager (Male) |
| 5:14 | Create | Villager (Male) |
| 5:18 | Create | Villager (Male) |
| 5:56 | Build | House |
| 6:17 | Create | Villager (Male) |
| 6:17 | Create | Villager (Male) |
| 6:35 | Create | Villager (Male) |
| 6:37 | Create | Villager (Male) |
| 6:45 | Build | House |
| 6:56 | Create | Villager (Male) |
| 7:13 | Build | Mill |
| 7:51 | Create | Villager (Male) |
| 7:51 | Create | Villager (Male) |
| 8:09 | Build | Farm |
| 8:11 | Build | Farm |
| 8:16 | Build | Farm |
| 8:41 | Create | Villager (Male) |
| 8:41 | Create | Villager (Male) |
| 9:16 | Build | Mining Camp |
| 9:27 | Research | Feudal Age |
| 9:31 | Build | House |
| 10:10 | Build | Farm |
| 10:15 | Build | Farm |
| 10:19 | Build | Farm |
| 10:23 | Build | Farm |
| 11:14 | Create | Villager (Male) |
| 11:14 | Create | Villager (Male) |
| 12:12 | Age | Feudal Age |
| 12:15 | Build | Market |
| 12:24 | Build | Blacksmith |
| 12:57 | Research | Castle Age |
| 13:37 | Build | Farm |
| 13:41 | Build | Farm |
| 15:05 | Create | Villager (Male) |
| 15:05 | Create | Villager (Male) |
| 15:42 | Age | Castle Age |
| 15:44 | Build | Monastery |
| 15:47 | Build | Siege Workshop |
| 16:17 | Build | Siege Workshop |
| 17:09 | Research | Imperial Age |
| 17:09 | Research | Imperial Age |
| 17:18 | Build | House |
| 17:19 | Build | House |
| 17:20 | Build | House |
| 17:32 | Research | Double-Bit Axe |
| 18:27 | Research | Gold Mining |
| 19:32 | Research | Bow Saw |
| 19:37 | Build | Lumber Camp |
| 20:06 | Create | Villager (Male) |
| 20:19 | Age | Imperial Age |
| 20:19 | Create | Bombard Cannon |
| 20:20 | Create | Bombard Cannon |
| 20:20 | Create | Bombard Cannon |
| 20:30 | Create | Villager (Male) |
| 20:43 | Create | Bombard Cannon |
| 21:14 | Create | Bombard Cannon |
| 21:16 | Create | Villager (Male) |
| 21:16 | Create | Villager (Male) |
| 21:37 | Create | Villager (Male) |
| 21:37 | Create | Villager (Male) |
| 22:21 | Create | Bombard Cannon |
| 22:21 | Create | Bombard Cannon |
| 22:22 | Create | Bombard Cannon |
| 22:56 | Create | Bombard Cannon |
| 22:56 | Create | Bombard Cannon |
| 22:56 | Create | Bombard Cannon |
| 23:23 | Create | Villager (Male) |
| 23:24 | Create | Villager (Male) |
| 23:24 | Create | Villager (Male) |
| 23:24 | Create | Villager (Male) |
| 23:24 | Create | Villager (Male) |
| 23:24 | Create | Villager (Male) |
| 23:54 | Create | Bombard Cannon |
| 23:54 | Create | Bombard Cannon |
| 23:55 | Create | Villager (Male) |
| 23:56 | Create | Villager (Male) |
| 23:56 | Create | Villager (Male) |
| 24:01 | Build | Mining Camp |
| 24:32 | Create | Bombard Cannon |
| 24:32 | Create | Bombard Cannon |
| 24:34 | Create | Villager (Male) |
| 24:34 | Create | Villager (Male) |
| 24:37 | Build | House |
| 24:38 | Build | House |
| 24:39 | Build | House |
| 24:40 | Build | House |
| 24:40 | Build | House |
| 25:23 | Create | Bombard Cannon |
| 25:23 | Create | Bombard Cannon |
| 25:24 | Create | Bombard Cannon |
| 25:52 | Create | Bombard Cannon |
| 25:52 | Create | Bombard Cannon |
| 25:52 | Create | Bombard Cannon |
| 26:09 | Create | Villager (Male) |
| 26:09 | Create | Villager (Male) |
| 26:09 | Create | Villager (Male) |
| 26:10 | Create | Villager (Male) |
| 26:10 | Create | Villager (Male) |
| 26:15 | Build | House |
| 27:12 | Create | Bombard Cannon |
| 27:13 | Create | Bombard Cannon |
| 27:13 | Create | Bombard Cannon |
| 27:13 | Create | Bombard Cannon |
| 27:25 | Create | Villager (Male) |
| 27:25 | Create | Villager (Male) |
| 27:42 | Create | Bombard Cannon |
| 27:42 | Create | Bombard Cannon |
| 28:47 | Create | Bombard Cannon |
| 28:47 | Create | Bombard Cannon |
| 28:47 | Create | Bombard Cannon |
| 28:48 | Create | Bombard Cannon |
| 28:51 | Create | Villager (Male) |
| 28:51 | Create | Villager (Male) |
| 28:51 | Create | Villager (Male) |
| 28:51 | Create | Villager (Male) |
| 28:51 | Create | Villager (Male) |
| 28:57 | Build | Lumber Camp |
| 29:01 | Build | Mining Camp |
| 30:20 | Create | Bombard Cannon |
| 30:21 | Create | Bombard Cannon |
| 30:21 | Create | Bombard Cannon |
| 30:22 | Create | Villager (Male) |
| 31:32 | Create | Villager (Male) |
| 31:32 | Create | Villager (Male) |
| 31:32 | Create | Villager (Male) |
| 31:33 | Create | Villager (Male) |
| 31:33 | Create | Villager (Male) |
| 32:25 | Create | Bombard Cannon |
| 32:25 | Create | Bombard Cannon |
| 32:25 | Create | Bombard Cannon |
Build order — .
First 150 of 209 actions detected
| 0:03 | Create | Villager (Male) |
| 0:03 | Create | Villager (Male) |
| 0:04 | Create | Villager (Male) |
| 0:04 | Create | Villager (Male) |
| 0:06 | Build | House |
| 0:29 | Research | Loom |
| 0:29 | Create | Villager (Male) |
| 0:30 | Create | Villager (Male) |
| 0:30 | Create | Villager (Male) |
| 0:34 | Build | House |
| 1:36 | Build | Palisade Wall |
| 1:54 | Create | Villager (Male) |
| 2:38 | Create | Villager (Male) |
| 2:38 | Create | Villager (Male) |
| 2:39 | Create | Villager (Male) |
| 3:21 | Create | Villager (Male) |
| 3:26 | Create | Villager (Male) |
| 3:38 | Build | Lumber Camp |
| 4:21 | Create | Villager (Male) |
| 4:21 | Create | Villager (Male) |
| 4:22 | Create | Villager (Male) |
| 4:36 | Build | House |
| 4:55 | Create | Villager (Male) |
| 5:33 | Create | Villager (Male) |
| 5:33 | Create | Villager (Male) |
| 5:57 | Build | Mill |
| 6:21 | Create | Villager (Male) |
| 6:35 | Build | House |
| 6:53 | Create | Villager (Male) |
| 7:19 | Create | Villager (Male) |
| 7:32 | Create | Villager (Male) |
| 7:50 | Build | Mill |
| 8:08 | Create | Villager (Male) |
| 8:33 | Create | Villager (Male) |
| 8:48 | Build | Lumber Camp |
| 8:56 | Create | Villager (Male) |
| 9:09 | Build | House |
| 9:16 | Research | Feudal Age |
| 10:26 | Build | Dock |
| 10:31 | Create | Villager (Male) |
| 10:31 | Create | Villager (Male) |
| 10:52 | Create | Villager (Male) |
| 11:07 | Create | Fishing Ship |
| 11:34 | Age | Feudal Age |
| 11:39 | Build | Stone Wall |
| 11:43 | Research | Double-Bit Axe |
| 11:53 | Build | Stone Wall |
| 12:02 | Create | Fishing Ship |
| 12:08 | Build | Mining Camp |
| 12:12 | Build | House |
| 12:25 | Build | Market |
| 12:40 | Create | Villager (Male) |
| 12:43 | Build | House |
| 13:15 | Create | Villager (Male) |
| 13:23 | Create | Fishing Ship |
| 13:32 | Build | Blacksmith |
| 13:40 | Create | Villager (Male) |
| 13:58 | Build | Stone Wall |
| 14:11 | Create | Villager (Male) |
| 14:51 | Research | Castle Age |
| 15:03 | Create | Fishing Ship |
| 15:09 | Build | Mining Camp |
| 15:47 | Research | Tech 906 |
| 15:48 | Create | Fishing Ship |
| 15:53 | Research | Stone Mining |
| 15:55 | Research | Gold Mining |
| 15:57 | Research | Horse Collar |
| 16:15 | Build | House |
| 16:32 | Build | House |
| 16:51 | Create | Fishing Ship |
| 17:23 | Create | Villager (Male) |
| 17:23 | Create | Villager (Male) |
| 17:31 | Age | Castle Age |
| 17:34 | Build | Siege Workshop |
| 17:38 | Research | Bow Saw |
| 17:55 | Create | Villager (Male) |
| 18:11 | Build | Stone Wall |
| 18:12 | Create | Mangonel |
| 18:27 | Create | Villager (Male) |
| 18:32 | Build | Fish Trap |
| 18:34 | Build | Fish Trap |
| 18:35 | Build | Fish Trap |
| 18:36 | Create | Villager (Male) |
| 18:54 | Create | Mangonel |
| 19:09 | Build | House |
| 19:50 | Create | Villager (Male) |
| 20:26 | Build | Castle |
| 20:38 | Create | Villager (Male) |
| 20:41 | Build | House |
| 20:43 | Build | House |
| 21:08 | Build | Stone Wall |
| 21:27 | Create | Villager (Male) |
| 21:56 | Build | Stone Wall |
| 21:58 | Build | Stone Wall |
| 22:11 | Create | Villager (Male) |
| 22:35 | Build | Monastery |
| 22:48 | Build | Fish Trap |
| 22:50 | Build | Fish Trap |
| 22:51 | Build | Fish Trap |
| 22:53 | Create | Villager (Male) |
| 22:56 | Build | House |
| 22:58 | Build | House |
| 23:03 | Create | Monk |
| 23:16 | Create | Villager (Male) |
| 23:36 | Create | Villager (Male) |
| 23:40 | Build | Farm |
| 23:42 | Build | Farm |
| 23:42 | Build | Farm |
| 23:59 | Create | Villager (Male) |
| 24:14 | Create | Monk |
| 24:26 | Build | Barracks |
| 24:42 | Build | Stone Wall |
| 24:54 | Create | Villager (Male) |
| 25:24 | Create | Villager (Male) |
| 25:43 | Build | Siege Workshop |
| 25:51 | Create | Villager (Male) |
| 25:52 | Create | Villager (Male) |
| 26:02 | Build | Farm |
| 26:03 | Build | Farm |
| 26:03 | Build | Farm |
| 26:04 | Research | Heavy Plow |
| 26:13 | Create | Mangonel |
| 26:34 | Build | Stone Wall |
| 26:55 | Create | Scorpion |
| 26:59 | Create | Villager (Male) |
| 26:59 | Create | Villager (Male) |
| 27:46 | Create | Villager (Male) |
| 27:56 | Create | Villager (Male) |
| 28:15 | Build | Stone Wall |
| 28:20 | Build | Gate |
| 28:25 | Create | Villager (Male) |
| 28:30 | Build | Farm |
| 28:30 | Build | Farm |
| 28:32 | Build | Farm |
| 28:36 | Build | Farm |
| 28:37 | Build | Farm |
| 28:38 | Build | Farm |
| 29:13 | Create | Villager (Male) |
| 29:34 | Build | Siege Workshop |
| 29:47 | Create | Villager (Male) |
| 29:53 | Create | Mangonel |
| 30:04 | Build | Lumber Camp |
| 30:12 | Build | House |
| 30:15 | Build | House |
| 30:41 | Research | Imperial Age |
| 31:03 | Research | Gillnets |
| 31:43 | Create | Monk |
| 31:59 | Build | House |
| 32:00 | Build | House |
| 32:09 | Build | Mining Camp |
Match timeline
| 0:47 | lilzombieross · wall_segment Palisade Wall x8 |
| 1:24 | CMD_AzTraL_ · wall_segment Palisade Wall x9 |
| 1:36 | . · wall_segment Palisade Wall x10 |
| 1:54 | __67_7SmigoL._Arg · wall_segment Palisade Wall x10 |
| 2:43 | AM | thatsnotPG · wall_segment Palisade Wall x7 |
| 3:18 | AM | thatsnotPG · wall_segment Palisade Wall x7 |
| 4:08 | __67_7SmigoL._Arg · wall_segment Palisade Wall x9 |
| 4:28 | AM | thatsnotPG · wall_segment Palisade Wall x3 |
| 4:44 | s56460688 · first_building Dock |
| 4:46 | AM | thatsnotPG · wall_segment Palisade Wall x5 |
| 5:06 | AM | thatsnotPG · wall_segment Palisade Wall x1 |
| 5:24 | AM | thatsnotPG · wall_segment Palisade Wall x8 |
| 6:24 | __67_7SmigoL._Arg · first_building Dock |
| 6:54 | s56460688 · wall_segment Palisade Wall x1 |
| 7:06 | lilzombieross · first_building Dock |
| 7:08 | s56460688 · wall_segment Palisade Wall x1 |
| 7:15 | s56460688 · wall_segment Palisade Wall x1 |
| 7:31 | s56460688 · wall_segment Palisade Wall x1 |
| 7:57 | AM | thatsnotPG · first_building Barracks |
| 9:24 | lilzombieross · age_up feudal |
| 9:26 | lilzombieross · wall_segment Stone Wall x2 |
| 9:29 | lilzombieross · wall_segment Stone Wall x3 |
| 9:31 | lilzombieross · wall_segment Stone Wall x9 |
| 10:17 | Tsumo Lareata · age_up feudal |
| 10:26 | . · first_building Dock |
| 10:42 | CMD_AzTraL_ · first_building Barracks |
| 10:54 | lilzombieross · wall_segment Stone Wall x5 |
| 10:59 | lilzombieross · wall_segment Stone Wall x6 |
| 11:04 | AM | thatsnotPG · age_up feudal |
| 11:16 | s56460688 · age_up feudal |
| 11:18 | AM | thatsnotPG · first_building Archery Range |
| 11:33 | CMD_AzTraL_ · age_up feudal |
| 11:34 | . · age_up feudal |
| 11:39 | . · wall_segment Stone Wall x7 |
| 11:50 | lilzombieross · wall_segment Stone Wall x1 |
| 11:53 | . · wall_segment Stone Wall x8 |
| 12:04 | CMD_AzTraL_ · first_building Archery Range |
| 12:12 | CMD_Black_Legion · age_up feudal |
| 12:59 | __67_7SmigoL._Arg · age_up feudal |
| 13:07 | Tsumo Lareata · first_market_sell 100 stone |
| 13:52 | AM | thatsnotPG · wall_segment Stone Wall x9 |
| 13:58 | . · wall_segment Stone Wall x9 |
| 14:48 | s56460688 · age_up castle |
| 15:30 | CMD_AzTraL_ · age_up castle |
| 15:42 | CMD_Black_Legion · age_up castle |
| 15:44 | CMD_Black_Legion · first_building Monastery |
| 15:46 | s56460688 · first_building Monastery |
| 15:47 | CMD_Black_Legion · first_building Siege Workshop |
| 15:52 | Tsumo Lareata · age_up castle |
| 15:54 | Tsumo Lareata · first_building Siege Workshop |
| 16:03 | lilzombieross · wall_segment Stone Wall x8 |
| 16:36 | Tsumo Lareata · first_building Barracks |
| 16:47 | __67_7SmigoL._Arg · age_up castle |
| 17:03 | CMD_Black_Legion · first_market_buy 100 food |
| 17:18 | CMD_AzTraL_ · first_market_buy 100 food |
| 17:19 | s56460688 · first_market_buy 100 food |
| 17:28 | Tsumo Lareata · first_building Stable |
| 17:31 | . · age_up castle |
| 17:34 | . · first_building Siege Workshop |
| 18:08 | lilzombieross · age_up castle |
| 18:11 | . · wall_segment Stone Wall x5 |
| 18:11 | lilzombieross · first_building Monastery |
| 18:39 | lilzombieross · first_market_buy 100 wood |
| 18:45 | lilzombieross · first_market_sell 100 food |
| 19:26 | __67_7SmigoL._Arg · wall_segment Stone Wall x1 |
| 19:30 | __67_7SmigoL._Arg · wall_segment Stone Wall x1 |
| 19:32 | __67_7SmigoL._Arg · wall_segment Stone Wall x1 |
| 19:38 | __67_7SmigoL._Arg · first_building Siege Workshop |
| 20:14 | s56460688 · first_building Barracks |
| 20:19 | CMD_Black_Legion · age_up imperial |
| 20:26 | . · first_building Castle |
| 21:06 | s56460688 · first_building Stable |
| 21:08 | . · wall_segment Stone Wall x1 |
| 21:29 | __67_7SmigoL._Arg · wall_segment Stone Wall x9 |
| 21:52 | __67_7SmigoL._Arg · wall_segment Stone Wall x1 |
| 21:56 | . · wall_segment Stone Wall x4 |
| 21:58 | . · wall_segment Stone Wall x6 |
| 22:09 | lilzombieross · wall_segment Stone Wall x1 |
| 22:14 | lilzombieross · wall_segment Stone Wall x11 |
| 22:21 | lilzombieross · wall_segment Stone Wall x1 |
| 22:35 | . · first_building Monastery |
| 22:37 | s56460688 · first_market_sell 500 wood |
| 23:02 | lilzombieross · first_building Castle |
| 23:04 | __67_7SmigoL._Arg · first_market_sell 100 food |
| 23:06 | __67_7SmigoL._Arg · first_market_buy 100 stone |
| 24:26 | . · first_building Barracks |
| 24:42 | . · wall_segment Stone Wall x2 |
| 24:45 | __67_7SmigoL._Arg · first_building Barracks |
| 25:19 | lilzombieross · first_building Barracks |
| 25:30 | __67_7SmigoL._Arg · first_building Stable |
| 25:44 | lilzombieross · first_building Archery Range |
| 25:51 | __67_7SmigoL._Arg · first_building Monastery |
| 26:27 | AM | thatsnotPG · age_up castle |
| 26:34 | . · wall_segment Stone Wall x2 |
| 28:15 | . · wall_segment Stone Wall x6 |
| 29:38 | lilzombieross · first_building Stable |
| 30:11 | __67_7SmigoL._Arg · age_up imperial |
| 31:17 | AM | thatsnotPG · wall_segment Stone Wall x6 |
| 31:37 | AM | thatsnotPG · wall_segment Stone Wall x1 |
| 31:40 | AM | thatsnotPG · wall_segment Stone Wall x11 |
| 32:59 | Tsumo Lareata · first_market_buy 100 stone |
| 33:51 | lilzombieross · wall_segment Stone Wall x1 |
| 33:51 | . · age_up imperial |
| 33:59 | CMD_Black_Legion · wall_segment Stone Wall x11 |
| 34:02 | CMD_Black_Legion · wall_segment Stone Wall x9 |
| 35:52 | s56460688 · first_building Siege Workshop |
| 36:03 | AM | thatsnotPG · wall_segment Stone Wall x6 |
| 36:44 | lilzombieross · wall_segment Stone Wall x8 |
| 36:57 | __67_7SmigoL._Arg · wall_segment Stone Wall x6 |
| 37:04 | __67_7SmigoL._Arg · wall_segment Stone Wall x4 |
| 37:14 | CMD_Black_Legion · first_building Castle |
| 37:35 | __67_7SmigoL._Arg · wall_segment Stone Wall x8 |
| 37:36 | __67_7SmigoL._Arg · wall_segment Stone Wall x3 |
| 37:54 | s56460688 · wall_segment Stone Wall x1 |
| 37:56 | . · first_market_buy 100 stone |
| 38:18 | . · wall_segment Stone Wall x3 |
| 38:23 | s56460688 · wall_segment Palisade Wall x1 |
| 39:32 | AM | thatsnotPG · first_building Monastery |
| 39:56 | AM | thatsnotPG · wall_segment Stone Wall x1 |
| 40:06 | . · first_market_sell 100 food |
| 41:39 | AM | thatsnotPG · wall_segment Stone Wall x3 |
| 42:21 | CMD_AzTraL_ · first_market_sell 100 wood |
| 43:07 | AM | thatsnotPG · age_up imperial |
| 43:29 | lilzombieross · resign |
[ AI ANALYSIS · 1 CREDIT ]
What really happened in this match?
Wolo.gg analyzes every decision: build order, eco, micro, common mistakes by bracket. Personalized analysis on WhatsApp or Discord in 30 seconds.
Civ guide
Bohemians
Perfil
Jugador #10260764